 Dungeon Crawl Stone Soup version 0.27-a0-263-gc8dee61f84 (webtiles) character file.

Game seed: 7344537579106962874

4009 runemasterragnar the Martial Artist (level 10, -3/63 HPs)
             Began as an Octopode Transmuter on Feb 5, 2021.
             Was a Follower of Dithmenos.
             Slain by an orc warrior
             ... wielding a +0 war axe
              (17 damage)
             ... on level 8 of the Dungeon.
             The game lasted 00:23:47 (10659 turns).

runemasterragnar the Martial Artist (OpTm)         Turns: 10659, Time: 00:23:47

Health: -3/63      AC:  3    Str:  9    XL:     10   Next: 23%
Magic:  18/24      EV: 15    Int: 24    God:    Dithmenos [*.....]
Gold:   441        SH:  0    Dex: 14    Spells: 2/16 levels left

rFire    + . .     SeeInvis +     - Unarmed
rCold    . . .     Faith    .   (shield currently unavailable)
rNeg     + . .     Spirit   .   (helmet restricted)
rPois    +         Reflect  .   r - amulet of regeneration
rElec    .         Harm     .   i - ring of poison resistance
rCorr    .         Rampage  .   o - ring of protection from fire
Will     .....     Rnd*Rage +   m - ring of magical power
Stlth    ++++++....             l - ring of see invisible
HPRegen  1.00/turn              e - +6 ring of intelligence
MPRegen  0.19/turn              y - ring of positive energy
                                (no ring)
                                (no ring)

@: blade tentacles, very slightly contaminated, wreathed by umbra
A: almost no armour, stealthy swim, amphibious, 8 rings, constrict 8, molten
scales 1, camouflage 1, berserk 1, mutation resistance 1, regeneration 1,
gelatinous body 1
a: End Transformation, Renounce Religion


You were on level 8 of the Dungeon.
You worshipped Dithmenos.
Dithmenos was aware of your devotion.
You had blades for tentacles.
You visited 2 branches of the dungeon, and saw 9 of its levels.

You collected 441 gold pieces.

Inventory:

Missiles
 h - 74 stones
 E - 2 large rocks
Jewellery
 e - a +6 ring of intelligence (on tentacle)
 i - a ring of poison resistance (left scythe-like blade)
 l - a ring of see invisible (on tentacle)
 m - a ring of magical power (on tentacle)
 o - a ring of protection from fire (right scythe-like blade)
 r - an amulet of regeneration (around mantle)
 y - a ring of positive energy (on tentacle)
Wands
 k - a wand of random effects (17)
 t - a wand of acid (3)
 u - a wand of charming (6)
 F - a wand of polymorph (9)
Scrolls
 a - a scroll of immolation
 d - 7 scrolls of teleportation
 f - 3 scrolls of magic mapping
 g - 2 scrolls of fog
 n - 4 scrolls of remove curse
 q - 3 scrolls of enchant weapon
 s - 3 scrolls of amnesia
 B - a scroll of enchant armour {unknown}
 D - a scroll of brand weapon {unknown}
Potions
 b - 3 potions of attraction {unknown}
 c - 3 potions of resistance
 j - 3 potions of lignification
 p - 2 potions of brilliance
 v - a potion of might
 w - 2 potions of curing
 x - a potion of degeneration {unknown}
 z - a potion of ambrosia {unknown}
 A - a potion of invisibility


   Skills:
 + Level 3.5 Fighting
 + Level 3.9 Dodging
 + Level 8.1 Stealth
 + Level 8.4 Unarmed Combat
 + Level 3.7 Spellcasting
 - Level 7.7 Transmutations
 * Level 3.0 Earth Magic
 - Level 3.6 Invocations


You had 2 spell levels left.
You knew the following spells:

 Your Spells              Type           Power        Failure   Level
a - Beastly Appendage     Tmut           82%          11%         1
b - Spider Form           Tmut/Pois      11%          36%         3
c - Blade Hands           Tmut           20%          50%         5
d - Ice Form              Ice/Tmut       23%          63%         4
e - Sandblast             Erth           36%          26%         1

Your spell library contained the following spells:

 Spells                   Type           Power        Failure   Level
 Wereblood                Tmut           41%          13%         2
 Passwall                 Tmut/Erth      25%          19%         2
 Foxfire                  Conj/Fire      16%          45%         1
 Petrify                  Tmut/Erth      30%          47%         4
 Stone Arrow              Conj/Erth      22%          56%         3
 Conjure Flame            Conj/Fire      4%           73%         3
 Inner Flame              Hex/Fire       4%           73%         3
 Lee's Rapid Deconstruct  Erth           9%           93%         5
 Sticky Flame             Conj/Fire      4%           95%         4
 Fireball                 Conj/Fire      2%           99%         5


Dungeon Overview and Level Annotations

Branches:
Dungeon (8/15)             Temple (1/1) D:5
   Lair: D:8-11

Altars:
Ashenzari
Dithmenos
Elyvilon
Gozag
Hepliaklqana
Qazlal
Ru
Trog
Wu Jian
Yredelemnul

Shops:
D:4 !   D:6 ?


Innate Abilities, Weirdness & Mutations

You cannot wear most types of armour.
You are very stealthy in the water. (Stealth+)
You are amphibious.
You can wear up to eight rings at the same time.
You can use your tentacles to constrict eight enemies at once.
Your skin changes colour to match your surroundings (Stealth+).
Your rubbery body absorbs attacks. (AC +1, EV +1)
You are partially covered in molten scales. (AC +2)
You tend to lose your temper in combat.
You are somewhat resistant to further mutation.
Your natural rate of healing is unusually fast.


Message History

The orc warrior hits you with a +0 war axe!!
The orc wizard gestures at you while chanting.
The magic dart hits you.
You hit the orc warrior but do no damage.
The orc warrior is severely wounded.
You constrict the orc warrior, but do no damage.
The orc warrior hits you with a +0 war axe!!
* * * LOW HITPOINT WARNING * * *
The orc wizard gestures at you while chanting.
The magic dart hits you.
* * * LOW HITPOINT WARNING * * *
You hit the orc warrior but do no damage.
The orc warrior is severely wounded.
You constrict the orc warrior, but do no damage.
Unknown command.
You hit the orc warrior but do no damage.
The orc warrior is severely wounded.
You constrict the orc warrior.
The orc warrior hits you with a +0 war axe!
You die...

.... ... # . ..# .##
.......Z.# ..###..#
...........#####.....###
..........##..#.......#
. ......................
.. #.........##...#
...##..l.....#o@o..#
.......##....(.#)..#
........##....##...#
.......<......#...##
.............#.....#
.......###...##..###
....... #....##.#
....... #..######
.B###.. ...#


You could see an orc warrior and an orc wizard (invisible).

Vanquished Creatures
  Pikel (D:7)
  Joseph (D:7)
  Maggie (D:7)
  Prince Ribbit (D:7)
  Edmund (D:6)
  Menkaure (D:7)
  An ice beast (D:6)
  3 orc warriors
  A necrophage (D:7)
  2 ogres
  3 centaurs
  A lemure (D:6)
  A phantom (D:6)
  6 bullfrogs
  A scorpion (D:4)
  9 orc priests
  2 hounds (D:5)
  Natasha (thrice) (D:2)
  An iguana (D:5)
  8 orc wizards
  8 worker ants
  Robin (D:4)
  A worker ant zombie (D:6)
  8 adders
  7 gnolls
  2 shadow imps
  2 white imps
  An adder zombie (D:5)
  4 worms
  A dart slug (D:1)
  4 leopard geckos
  34 orcs
  3 ball pythons
  5 giant cockroaches
  9 goblins
  13 hobgoblins
  4 jackals (D:2)
  5 kobolds
  3 quokkas
  A ball python zombie (D:5)
  5 bats
  4 frilled lizards
  A quokka skeleton (D:7)
  7 rats
181 creatures vanquished.

Vanquished Creatures (others)
  An orc (D:7)
1 creature vanquished.

Grand Total: 182 creatures vanquished

Notes
Turn   | Place    | Note
-------+----------+-------------------------------------------
     0 | D:1      | runemasterragnar the Octopode Transmuter began the quest
                  | for the Orb.
     0 | D:1      | Reached XP level 1. HP: 13/13 MP: 3/3
   178 | D:1      | Reached XP level 2. HP: 18/18 MP: 3/5
   744 | D:1      | Reached XP level 3. HP: 23/23 MP: 4/6
   898 | D:1      | Reached skill level 1 in Stealth
  1087 | D:2      | Learned a level 3 spell: Spider Form
  1129 | D:2      | Noticed Natasha
  1139 | D:2      | Killed Natasha
  1140 | D:2      | Reached XP level 4. HP: 28/28 MP: 0/7
  1287 | D:2      | Noticed Natasha
  1293 | D:2      | Killed Natasha
  1884 | D:3      | Noticed an ogre
  1903 | D:3      | Killed an ogre
  1904 | D:3      | Reached XP level 5. HP: 13/34 MP: 4/8
  2655 | D:3      | Reached XP level 6. HP: 39/39 MP: 9/9
  3262 | D:2      | Noticed Natasha
  3270 | D:2      | Killed Natasha
  3649 | D:4      | Gained mutation: One of your tentacles bears a spike.
                  | [potion of mutation]
  3649 | D:4      | Gained mutation: Your magical capacity is low. (-10% MP)
                  | [potion of mutation]
  3649 | D:4      | Gained mutation: One of your tentacles bears a nasty spike.
                  | [potion of mutation]
  3698 | D:4      | Learned a level 5 spell: Blade Hands
  4082 | D:4      | Noticed Robin
  4140 | D:4      | Killed Robin
  4562 | D:4      | Reached XP level 7. HP: 37/45 MP: 10/10
  4710 | D:4      | Found a bloodstained altar of Trog.
  4732 | D:4      | Found Diochyint's Distillery.
  5045 | D:5      | Entered Level 5 of the Dungeon
  5531 | D:5      | Found a staircase to the Ecumenical Temple.
  5540 | Temple   | Entered the Ecumenical Temple
  5563 | Temple   | Became a worshipper of Dithmenos the Shadowed
  5709 | D:5      | Reached skill level 5 in Unarmed Combat
  5862 | D:5      | Reached skill level 1 in Invocations
  6335 | D:6      | Noticed Edmund
  6381 | D:6      | HP: 3/67 [orc warrior/+0 long sword (3)]
  6394 | D:6      | Reached skill level 5 in Transmutations
  6394 | D:6      | Reached XP level 8. HP: 26/51 MP: 11/11
  6418 | D:6      | Reached skill level 5 in Stealth
  6795 | D:5      | Learned a level 4 spell: Ice Form
  6818 | D:6      | Killed Edmund
  7199 | D:6      | Lost mutation: One of your tentacles bears a nasty spike.
                  | [potion of mutation]
  7199 | D:6      | Lost mutation: One of your tentacles bears a spike. [potion
                  | of mutation]
  7199 | D:6      | Gained mutation: You are strong-willed. (Will+) [potion of
                  | mutation]
  7199 | D:6      | Gained mutation: You are somewhat resistant to further
                  | mutation. [potion of mutation]
  7480 | D:6      | Found Agrir's Magic Scroll Shop.
  7501 | D:6      | Reached * piety under Dithmenos
  7513 | D:6      | Reached XP level 9. HP: 33/55 MP: 12/12
  7691 | D:6      | Learned a level 1 spell: Sandblast
  8244 | D:7      | Noticed Maggie
  8542 | D:7      | Killed Maggie
  8969 | D:7      | Noticed Joseph
  8995 | D:7      | Killed Joseph
  9257 | D:7      | Noticed Menkaure
  9269 | D:7      | Noticed Pikel
  9282 | D:7      | Noticed Prince Ribbit
  9497 | D:7      | Reached skill level 1 in Earth Magic
  9740 | D:7      | Killed Menkaure
  9809 | D:7      | Killed Prince Ribbit
  9810 | D:7      | Reached XP level 10. HP: 59/63 MP: 13/13
  9907 | D:7      | Killed Pikel
 10621 | D:7      | Lost mutation: You are strong-willed. (Will+) [potion of
                  | mutation]
 10621 | D:7      | Lost mutation: You are somewhat resistant to further
                  | mutation. [potion of mutation]
 10621 | D:7      | Lost mutation: Your magical capacity is low. (-10% MP)
                  | [potion of mutation]
 10621 | D:7      | Gained mutation: Your spells are a little harder to cast,
                  | but a little more powerful. [potion of mutation]
 10621 | D:7      | Gained mutation: You evolve. [potion of mutation]
 10623 | D:7      | Lost mutation: You evolve. [potion of mutation]
 10623 | D:7      | Lost mutation: Your spells are a little harder to cast, but
                  | a little more powerful. [potion of mutation]
 10623 | D:7      | Gained mutation: Your body sometimes deteriorates upon
                  | taking damage. [potion of mutation]
 10623 | D:7      | Gained mutation: One of your tentacles bears a spike.
                  | [potion of mutation]
 10623 | D:7      | Gained mutation: You tend to lose your temper in combat.
                  | [potion of mutation]
 10623 | D:7      | Gained mutation: You are somewhat resistant to further
                  | mutation. [potion of mutation]
 10624 | D:7      | Lost mutation: Your body sometimes deteriorates upon taking
                  | damage. [potion of mutation]
 10624 | D:7      | Lost mutation: One of your tentacles bears a spike. [potion
                  | of mutation]
 10624 | D:7      | Gained mutation: You are partially covered in molten
                  | scales. (AC +2) [potion of mutation]
 10624 | D:7      | Gained mutation: Your natural rate of healing is unusually
                  | fast. [potion of mutation]
 10659 | D:8      | Slain by an orc warrior

Illustrated notes

Levels and vault maps discovered:
D:1:      kennysheep_arrival_forest, layout_basic
D:2:      layout_basic, uniq_natasha
D:3:      layout_loops_ring, serial_rivers, chequers_serial_rivers_large_a,
          chequers_serial_rivers_micro_c, chequers_serial_rivers_small_3,
          chequers_serial_rivers_room_a, chequers_serial_rivers_micro_c,
          chequers_serial_rivers_micro_b, minivault_26
D:4:      layout_loops_ring, overflow_temple_1_default, serial_shops,
          nicolae_shop_crystal, uniq_robin
D:5:      layout_loops_ring, temple_fountains
D:6:      layout_cave_pools, serial_shops, nicolae_shop_trees, uniq_edmund
D:7:      layout_layer_cave, minmay_misc_feat_encased, uniq_maggie,
          uniq_menkaure, uniq_pikel, uniq_joseph, uniq_prince_ribbit1
D:8:      layout_cave_pools, kennysheep_mini_moat, david_lair_generic,
          basic_altar, kennysheep_okawaru_gauntlet
Temple:   regret_index_temple_chain_breaker

Skill      XL: |  1  2  3  4  5  6  7  8  9 10 |
---------------+-------------------------------+-----
Stealth        | 1 2 3 4 5 7 8 |  8.1
Transmutations | 3 4 5 6 7 |  7.7
Unarmed Combat | 4 5 6 8 |  8.4
Fighting       | 2 3 |  3.5
Dodging        | 3 |  3.9
Spellcasting   | 3 |  3.7
Invocations    | 1 3 |  3.6
Earth Magic    | 2 3 |  3.0

Action                   |  1- 3 |  4- 6 |  7- 9 | 10-12 || total
-------------------------+-------+-------+-------+-------++-------
Melee: Unarmed           |    56 |   142 |   304 |    35 ||   537
       Constrict         |    14 |    24 |    18 |     6 ||    62
       Kick              |    10 |    19 |    11 |       ||    40
       Tentacles         |     4 |    16 |    19 |     2 ||    41
       Punch             |     2 |     1 |     7 |     1 ||    11
 Cast: Beastly Appendage |    17 |     8 |       |       ||    25
       Spider Form       |     1 |     9 |    13 |     2 ||    25
       Blade Hands       |       |       |     7 |     3 ||    10
       Ice Form          |       |       |     5 |       ||     5
 Abil: End Transformatio |       |       |     2 |       ||     2
Evoke: Wand              |       |       |     5 |       ||     5
  Use: Scroll            |       |     8 |     7 |       ||    15
       Potion            |       |     1 |    12 |     4 ||    17
 Stab: Sleeping          |     3 |     7 |     9 |       ||    19
       Distracted        |       |       |     1 |       ||     1
       Invisible         |       |       |       |     1 ||     1
Armor: Skin              |     4 |     8 |    89 |     2 ||   103
Dodge: Dodged            |    33 |    69 |   220 |    38 ||   360

Table legend: (Time is in decaauts)
 A = Elapsed time spent in this place.
 B = Non-inter-level travel time spent in this place.
 C = Inter-level travel time spent in this place.
 D = Time resting spent in this place.
 E = Time spent auto-exploring this place.
 F = Levels seen in this place.
 G = Mean time per level.
                   A        B        C        D        E       F      G
               +--------+--------+--------+--------+--------+-----+--------+
         Total |  10610 |  10283 |    327 |   2320 |   6051 |   9 | 1178.9 |
       Dungeon |  10571 |  10249 |    322 |   2320 |   6039 |   8 | 1321.4 |
        Temple |     38 |     33 |      5 |      0 |     12 |   1 |   38.0 |
               +--------+--------+--------+--------+--------+-----+--------+

Top non-repeatable levels by time:
     D:7: 1966 daAuts
     D:6: 1808 daAuts
     D:3: 1705 daAuts
     D:4: 1634 daAuts
     D:5: 1491 daAuts
     D:1: 1064 daAuts
     D:2: 838 daAuts
     D:8: 64 daAuts
  Temple: 38 daAuts
